 Dungeon Crawl Stone Soup version 0.22.0-32-gbc6daba (webtiles) character file.

115 Mesmaeker13 the Ducker (level 5, -1/31 HPs)
             Began as an Octopode Wizard on Aug 23, 2018.
             Killed from afar by an orc wizard (7 damage)
             ... with a puff of flame
             ... on level 3 of the Dungeon.
             The game lasted 00:05:55 (3978 turns).

Mesmaeker13 the Ducker (Octopode Wizard)            Turns: 3978, Time: 00:05:56

Health: -1/31      AC:  2    Str:  6    XL:     5   Next: 0%
Magic:  2/9        EV: 14    Int: 22    God:
Gold:   111        SH:  0    Dex: 10    Spells: 4/10 levels left

rFire    . . .     SeeInvis .   r - +3 dagger
rCold    . . .     Gourm    .   (no shield)
rNeg     . . .     Faith    .   a - +1 hat
rPois    +         Spirit   .   (no amulet)
rElec    .         Reflect  .   i - ring of poison resistance
rCorr    .         Harm     .   (no ring)
MR       .....                  (no ring)
Stlth    +++.......             (no ring)
HPRegen  0.10/turn              (no ring)
MPRegen  0.11/turn              (no ring)
                                (no ring)
                                (no ring)

@: lethally poisoned (-1 -> -4), very slightly contaminated
A: almost no armour, stealthy swim, amphibious, 8 rings, constrict 8, camouflage
1, gelatinous body 1
a: no special abilities


You were on level 3 of the Dungeon.
You were not hungry.

You visited 1 branch of the dungeon, and saw 3 of its levels.

You collected 111 gold pieces.

Inventory:

Hand Weapons
 r - a +3 dagger (weapon)
Missiles
 g - 4 curare-tipped needles
Armour
 a - a +1 hat (worn)
Jewellery
 b - an uncursed amulet of faith {unknown}
 i - a ring of poison resistance (left tentacle)
 m - an uncursed ring of ice
 q - a +2 ring of dexterity {unknown}
Scrolls
 d - a scroll of magic mapping
 j - a scroll of enchant weapon {unknown}
 k - a scroll of enchant armour
 o - a scroll of teleportation
 p - a scroll of identify {unknown}
Potions
 e - a potion of berserk rage
 h - a potion of haste
Comestibles
 c - 5 rations
 f - 3 chunks of flesh


   Skills:
 + Level 3.4 Dodging
 - Level 2.6 Stealth
 - Level 3.0 Spellcasting
 + Level 2.8 Conjurations
 + Level 2.3 Summonings
   Level 1.0 Translocations


You had 4 spell levels left.
You knew the following spells:

 Your Spells              Type           Power        Failure   Level  Hunger
a - Magic Dart            Conj           ###.         3%          1    None
b - Call Imp              Summ           ##......     8%          2    ##.....
c - Mephitic Cloud        Conj/Pois/Air  #.......     26%         3    ###....

Your spell library contained the following spells:

 Spells                   Type           Power        Failure   Level  Hunger
 Blink                    Tloc           N/A          12%         2    ##.....
 Slow                     Hex            #.......     19%         2    ##.....
 Conjure Flame            Conj/Fire      #.......     21%         3    ###....


Dungeon Overview and Level Annotations

Branches:
Dungeon (3/15)

Altars:
Yredelemnul


Innate Abilities, Weirdness & Mutations

You cannot wear most types of armour.
You are very stealthy in the water. (Stealth+)
You are amphibious.
You can wear up to eight rings at the same time.
You can use your tentacles to constrict eight enemies at once.
Your skin changes colour to match your surroundings (Stealth+).
Your rubbery body absorbs attacks. (AC +1, EV +1)


Message History

You see here 2 chunks of flesh.
You feel sick.
Things that are here:
a club; a jackal skeleton You see here a gnoll skeleton.
You feel sick.
You feel sick.
The orc wizard shouts!
The orc wizard casts a spell at you. The magic dart hits you!
* * * LOW HITPOINT WARNING * * *
You see here a club.
You feel sick.
You feel sick. The orc wizard casts a spell at you.
The puff of frost misses you.
You hear a shout!
The orc wizard casts a spell at you. The puff of flame hits you!
You die...

#..##.##..%#รท.#..........#
#..#......###.#........###
......#...###.########.#
#..#.#.#.)##...##
#..##.##o##..)..## ... ##
#.'.o.8...# .. #.###...###
#. #...# #.@.# #.<.# #...#
#####


You could see an orc wizard.

Vanquished Creatures
  Robin (D:2)
  4 adders
  A gnoll (D:3)
  A worm (D:3)
  A leopard gecko (D:1)
  2 orcs (D:3)
  4 bats
  A giant cockroach (D:2)
  5 goblins
  6 hobgoblins
  6 jackals
  2 ball pythons
  3 frilled lizards (D:2)
  2 kobolds (D:1)
  A rat (D:2)
40 creatures vanquished.

Vanquished Creatures (collateral kills)
  2 gnolls (D:3)
  2 worms
  6 goblins (D:2)
  A hobgoblin (D:2)
  A quokka (D:2)
12 creatures vanquished.

Grand Total: 52 creatures vanquished

Notes
Turn   | Place    | Note
-------+----------+-------------------------------------------
     0 | D:1      | Mesmaeker13 the Octopode Wizard began the quest for the Orb.
     0 | D:1      | Reached XP level 1. HP: 11/11 MP: 4/4
   557 | D:1      | Reached XP level 2. HP: 10/17 MP: 3/6
  1486 | D:2      | Learned a level 2 spell: Call Imp
  1569 | D:2      | Reached XP level 3. HP: 21/21 MP: 1/7
  1947 | D:2      | Noticed Robin
  2392 | D:2      | Killed Robin
  2553 | D:2      | Reached XP level 4. HP: 27/27 MP: 1/8
  2764 | D:2      | Found a basalt altar of Yredelemnul.
  3098 | D:3      | Learned a level 3 spell: Mephitic Cloud
  3966 | D:3      | Reached XP level 5. HP: 17/31 MP: 0/9
  3978 | D:3      | Killed from afar by an orc wizard

Skill      XL: |  1  2  3  4 |
---------------+-------------+-----
Conjurations   | 2 |  2.8
Dodging        | 3 |  3.4
Summonings     | 2 |  2.3
Stealth        | |  2.6
Spellcasting   | |  3.0
Translocations | |  1.0

Action                   |  1- 3 |  4- 6 || total
-------------------------+-------+-------++-------
Melee: Short sword       |    13 |       ||    13
       Constrict         |     4 |     4 ||     8
       Dagger            |     3 |    13 ||    16
       Tentacles         |       |     1 ||     1
Throw: Throwing net      |       |     1 ||     1
 Cast: Magic Dart        |    62 |    37 ||    99
       Call Imp          |     6 |     4 ||    10
       Mephitic Cloud    |       |     2 ||     2
  Use: Scroll            |     3 |     2 ||     5
       Potion            |       |     4 ||     4
  Eat: Chunk             |     5 |     2 ||     7
       Ration            |       |     1 ||     1
Dodge: Dodged            |    25 |    27 ||    52
